 Dungeon Crawl Stone Soup version 0.19-a0-1091-g463c9de (webtiles) character file.

116 JustSomeDude the Skirmisher (level 4, 0/37 HPs)
             Began as a Demonspawn Fighter on Aug 7, 2016.
             Succumbed to a kobold's poison
             ... on level 3 of the Dungeon.
             The game lasted 00:04:30 (1928 turns).

JustSomeDude the Skirmisher (Demonspawn Fighter)    Turns: 1928, Time: 00:04:31

Health: 0/37       AC:  6    Str: 22    XL:     4   Next: 70%
Magic:  4/4        EV:  7    Int: 14    God:
Gold:   77         SH:  9    Dex: 13    Spells: 0 memorised, 3 levels left

rFire  . . .     SeeInvis .     a - +0 trident
rCold  . . .     Gourm    .     b - +0 scale mail
rNeg   . . .     Faith    .     c - +0 shield
rPois  .         Spirit   .     (no helmet)
rElec  .         Dismiss  .     (no cloak)
rCorr  .         Reflect  .     (no gloves)
SustAt .         Harm     .     (no boots)
MR     .....                    (no amulet)
Stlth  ..........               (no ring)
                                (no ring)

@: mighty, brilliant, lethally poisoned (0 -> -14), very slightly contaminated,
hasted, very quick
A: hooves 1
a: no special abilities


You were on level 3 of the Dungeon.
You were not hungry.

You visited 1 branch of the dungeon, and saw 3 of its levels.

You collected 77 gold pieces.

Inventory:

Hand Weapons
 a - a +0 trident (weapon)
Armour
 b - a +0 scale mail (worn)
 c - a +0 shield (worn)
Wands
 n - a wand of lightning (6/15)
Scrolls
 e - 3 scrolls of teleportation {unknown}
 h - 2 scrolls of remove curse {unknown}
 i - a scroll of magic mapping {unknown}
 j - a scroll of enchant weapon {unknown}
 k - a scroll of identify {unknown}
 o - a scroll of amnesia {unknown}
Comestibles
 f - 2 bread rations


   Skills:
 + Level 3.8 Fighting
 + Level 2.2 Polearms
 + Level 3.4 Armour
 + Level 0.5 Dodging
 + Level 0.2 Stealth
 + Level 3.4 Shields


You had 3 spell levels left.
You didn't know any spells.

Dungeon Overview and Level Annotations

Branches:
Dungeon (3/15)

Altars:
Qazlal


Innate Abilities, Weirdness & Mutations

You have large cloven feet.


Message History

The kobold is severely wounded.
* * * LOW HITPOINT WARNING * * *
You feel sick.
The kobold unwields an uncursed blowgun.
The kobold wields an uncursed dagger.
The kobold barely misses you.
You puncture the kobold!
You kill the kobold!
* * * LOW HITPOINT WARNING * * *
You feel sick.
It was a potion of haste.
You feel yourself speed up.
* * * LOW HITPOINT WARNING * * *
You feel sick.
You are very lightly contaminated with residual magic.
You feel very mighty all of a sudden.
It was a potion of cure mutation.
It has a very clean taste.
* * * LOW HITPOINT WARNING * * *
You feel sick.
It was a potion of brilliance.
You feel clever all of a sudden.
You die...

....()(...#########.
..........##..........
.......(.............#
......>(....)$......#
#...................####
#......(................
......................##
.......................#
.............!.(@)...#
...........#####†.......
...........# #.$......
....... #..#.....
....... #..#.....
..#.... .... .... ...
..... ... ..... ...


There were no monsters in sight!

Vanquished Creatures
  4 adders
  A worm (D:2)
  4 dart slugs
  3 giant geckos (D:2)
  4 giant cockroaches
  11 goblins
  8 hobgoblins
  3 jackals (D:2)
  A quokka (D:2)
  5 bats
  4 giant newts
  14 kobolds
  2 rats
64 creatures vanquished.

Notes
Turn   | Place    | Note
-------+----------+-------------------------------------------
     0 | D:1      | JustSomeDude the Demonspawn Fighter began the quest for the Orb.
     0 | D:1      | Reached XP level 1. HP: 18/18 MP: 1/1
    97 | D:1      | Gained mutation: You have large cloven feet. [demonic ancestry]
    97 | D:1      | Reached XP level 2. HP: 16/24 MP: 2/2
   814 | D:2      | Reached XP level 3. HP: 29/29 MP: 3/3
  1119 | D:2      | Found a stormy altar of Qazlal.
  1363 | D:2      | Reached XP level 4. HP: 29/36 MP: 4/4
  1927 | D:3      | HP: 1/37 [poisoned by a kobold]
  1928 | D:3      | Succumbed to a kobold's poison

Vault maps used:
D:1:      co_arrival_random_square_maze
D:2:      kb_forest_paths, grunt_qazlal_sundering, minivault_26
D:3:      first_bread

Skill      XL: |  1  2  3 |
---------------+----------+-----
Armour         | 3 |  3.4
Shields        | 3 |  3.4
Polearms       | 2 |  2.2
Fighting       | |  3.8
Dodging        | |  0.5
Stealth        | |  0.2

Action                   |  1- 3 |  4- 6 || total
-------------------------+-------+-------++-------
Melee: Trident           |   174 |    99 ||   273
       Kick              |    24 |    13 ||    37
  Use: Potion            |       |     4 ||     4
  Eat: Chunk             |     1 |     3 ||     4
Armor: Scale mail        |    63 |    35 ||    98
Dodge: Dodged            |    41 |    31 ||    72
Block: Shield            |    67 |    45 ||   112
